[Event "ICC tourney 1953 (60 10)"]
[Site "Internet Chess Club"]
[Date "2020.08.07"]
[Round "1"]
[White "noki101"]
[Black "espark"]
[Result "0-1"]
[ICCResult "White resigns"]
[WhiteElo "2048"]
[BlackElo "2309"]
[Opening "Réti: King's Indian attack (Barcza system)"]
[ECO "E06"]
[NIC "CA.05"]
[Time "12:21:25"]
[TimeControl "3600+10"]

1. Nf3 d5 2. g3 Nf6 3. d4 e6 4. Bg2 Be7 5. O-O O-O 6. c4 dxc4 7. Qc2 b5 8.
a4 b4 9. Ne5 Qxd4 10. Bxa8 Qxe5 11. Bf3 Nd5 12. e4 b3 13. Qxc4 Ba6 14. Qxb3
Bxf1 15. Kxf1 Nb4 16. Bf4 Qf6 17. Qc3 c5 18. Nd2 N8c6 19. e5 Qf5 20. Kg2 Nd5
21. Bxd5 exd5 22. Qf3 Qe6 23. Re1 g5 24. Be3 d4 25. Bxg5 Bxg5 26. Ne4 Be7
27. Nf6+ Kh8 28. Nxh7 Kxh7 29. Re4 Bg5 30. h4 Bh6 31. g4 Nxe5 32. Qe2 d3 33.
Qe1 d2 {White resigns} 0-1

[Event "ICC tourney 1953 (60 10)"]
[Site "Internet Chess Club"]
[Date "2020.08.07"]
[Round "1"]
[White "goodFriday"]
[Black "superind"]
[Result "1/2-1/2"]
[ICCResult "Game drawn by repetition"]
[WhiteElo "2230"]
[BlackElo "2529"]
[Opening "Ruy Lopez: closed, Breyer, Borisenko variation"]
[ECO "C95"]
[NIC "RL.25"]
[Time "12:21:29"]
[TimeControl "3600+10"]

1. e4 e5 2. Nf3 Nc6 3. Bb5 a6 4. Ba4 Nf6 5. O-O Be7 6. Re1 b5 7. Bb3 d6 8.
c3 O-O 9. h3 Nb8 10. d4 Nbd7 11. c4 Bb7 12. Nc3 c6 13. d5 Nc5 14. Bg5 bxc4
15. Bxc4 Nxd5 16. exd5 Bxg5 17. b4 cxd5 18. Bxd5 Bxd5 19. Qxd5 Ne6 20. Nxg5
Qxg5 21. Qxd6 Nf4 22. g3 Nxh3+ 23. Kg2 Nf4+ 24. Kf1 Qh5 25. gxf4 exf4 26.
Nd5 f3 27. Ne7+ Kh8 28. Kg1 Rab8 29. Qe5 Qg4+ 30. Qg3 Rxb4 31. Qxg4 Rxg4+
32. Kf1 h5 33. Re3 Rh4 34. Kg1 Rg4+ 35. Kf1 Rh4 36. Kg1 Rg4+ 37. Kf1 Rh4
{Game drawn by repetition}
1/2-1/2

[Event "ICC tourney 1953 (60 10)"]
[Site "Internet Chess Club"]
[Date "2020.08.07"]
[Round "1"]
[White "Yoes"]
[Black "Bo002"]
[Result "1-0"]
[ICCResult "Black resigns"]
[WhiteElo "2690"]
[BlackElo "2214"]
[Opening "Queen's Indian: old main line, 6.O-O"]
[ECO "E17"]
[NIC "QI.07"]
[Time "12:21:20"]
[TimeControl "3600+10"]

1. d4 Nf6 2. c4 e6 3. Nf3 b6 4. g3 Bb7 5. Bg2 Be7 6. O-O O-O 7. Re1 Na6 8.
Nc3 Ne4 9. Bf4 f5 10. h4 Bf6 11. Nd2 Nxc3 12. bxc3 Bxg2 13. Kxg2 d5 14. Nf3
c5 15. Qa4 Qc8 16. cxd5 exd5 17. Be5 c4 18. Bxf6 Rxf6 19. Ne5 Nc7 20. f3 a5
21. e4 b5 22. Qc2 dxe4 23. fxe4 a4 24. d5 fxe4 25. Qxe4 Rd6 26. Rad1 Qb7 27.
Nc6 Re8 28. Qxe8+ Nxe8 29. Rxe8+ Kf7 30. Rb8 Qa6 31. Rf1+ Rf6 32. Rb7+ Kg8
33. Rb8+ Kf7 34. Rxf6+ gxf6 35. a3 Kg6 36. Kf3 Kh6 37. Ke3 b4 38. cxb4 c3
39. b5 c2 40. Kd2 c1=Q+ 41. Kxc1 {Black resigns} 1-0

[Event "ICC tourney 1953 (60 10)"]
[Site "Internet Chess Club"]
[Date "2020.08.07"]
[Round "1"]
[White "funplaychess"]
[Black "hollyelf"]
[Result "1-0"]
[ICCResult "Black checkmated"]
[WhiteElo "2375"]
[BlackElo "2094"]
[Opening "QGD semi-Slav: accelerated Meran (Alekhine variation)"]
[ECO "D45"]
[NIC "SL.08"]
[Time "12:21:05"]
[TimeControl "3600+10"]

1. d4 d5 2. c4 c6 3. Nf3 Nf6 4. Nc3 e6 5. e3 a6 6. Qc2 c5 7. cxd5 exd5 8.
Be2 Nc6 9. O-O Be6 10. a3 cxd4 11. Nxd4 Nxd4 12. exd4 Bd6 13. Qb3 b5 14. Bg5
h6 15. Bh4 O-O 16. Bf3 g5 17. Bg3 Bxg3 18. hxg3 Rc8 19. a4 Rb8 20. axb5 axb5
21. Qb4 Re8 22. Rfe1 g4 23. Be2 Bd7 24. Ra6 Rb6 25. Rea1 Ne4 26. Rxb6 Nxc3
27. bxc3 Qxb6 28. Bd3 Rb8 29. Re1 Re8 30. Rxe8+ Bxe8 31. Qe7 Qe6 32. Qxe6
fxe6 33. Kf1 Kf7 34. Ke2 Kf6 35. Kd2 Ke7 36. Ke3 h5 37. Kf4 Kf6 38. f3 gxf3
39. gxf3 Bd7 40. g4 Be8 41. Bf1 hxg4 42. fxg4 Bg6 43. Bxb5 Be4 44. g5+ Kf7
45. Ke5 Ke7 46. c4 Bd3 47. cxd5 Bxb5 48. dxe6 Bd3 49. d5 Bh7 50. d6+ Kd8 51.
Kf6 Bg8 52. d7 Bh7 53. Kf7 Bg6+ 54. Kxg6 Ke7 55. d8=Q+ Kxe6 56. Qf6+ Kd5 57.
Kf5 Kc4 58. Ke4 Kc5 59. g6 Kc4 60. g7 Kc5 61. g8=Q Kb5 62. Qb8+ Kc5 63.
Qbb6+ Kc4 64. Qfd4# {Black checkmated} 1-0

[Event "ICC tourney 1953 (60 10)"]
[Site "Internet Chess Club"]
[Date "2020.08.07"]
[Round "1"]
[White "Ajitesh20091"]
[Black "tedchen"]
[Result "1/2-1/2"]
[ICCResult "Game drawn by mutual agreement"]
[WhiteElo "1872"]
[BlackElo "2240"]
[Opening "Sicilian: Canal-Sokolsky (Nimzovich-Rossolimo, Moscow) attack"]
[ECO "B51"]
[NIC "SI.01"]
[Time "12:22:00"]
[TimeControl "3600+10"]

1. e4 c5 2. Nf3 d6 3. Bb5+ Nd7 4. c3 a6 5. Bd3 Ngf6 6. Bc2 c4 7. d4 cxd3 8.
Qxd3 g6 9. O-O Bg7 10. Be3 O-O 11. Nbd2 b5 12. a4 bxa4 13. Bxa4 Qc7 14. Qc4
Nc5 15. Bxc5 dxc5 16. b4 Nd7 17. Bxd7 Bxd7 18. Qxc5 Qxc5 19. bxc5 Rfc8 20.
Nc4 Bb5 21. Nb6 Bxf1 22. Kxf1 Bxc3 23. Rc1 Bg7 24. Ke2 f5 25. exf5 gxf5 26.
c6 Rab8 27. Nxc8 Rxc8 28. Kd3 Kf7 29. Ng5+ Kf6 30. f4 h6 31. Nf3 Ke6 32. Nh4
a5 33. Rc5 Kd6 34. Rxf5 Bf6 35. Nf3 Ra8 36. Ne5 a4 37. Kc2 a3 38. Kb1 a2+
39. Ka1 Ra7 40. Rh5 Ra4 41. g3 Bg7 42. Rf5 Ra7 43. Rh5 Ra6 44. Rf5 Rxc6 45.
Kxa2 Rc2+ 46. Ka3 Rxh2 47. Nc4+ Ke6 48. Rb5 Bd4 49. Ne3 Bxe3 50. Re5+ Kf6
51. Rxe3 Rh3 52. Kb2 h5 53. Re5 Rxg3 54. Rxh5 Rd3 55. Rh6+ Kf5 56. Rh7 e6
57. Kc2 Rd4 58. Rf7+ Kg6 59. Kc3 Ra4 60. Rf8 Kg7 61. Re8 Kf7 62. Rc8 Rxf4
63. Kd2 Kf6 64. Ke3 Ra4 65. Rc5 Rg4 66. Ra5 Rh4 67. Rb5 Rh3+ 68. Kf4 Rh1 69.
Ke4 Re1+ 70. Kd3 Ra1 71. Ke4 Rd1 72. Rb8 Re1+ 73. Kd4 Rh1 74. Rf8+ Ke7 75.
Rb8 Rh5 76. Ke4 Rd5 77. Rb3 Ra5 78. Re3 Kd6 79. Rd3+ Ke7 80. Re3 Rb5 81. Re1
e5 82. Kf5 Kd6 83. Rd1+ Rd5 84. Ra1 Rd2 85. Ra6+ Kd5 86. Ra5+ Kd4 87. Rxe5
Rf2+ 88. Ke6 Rf3 {Game drawn by mutual agreement} 1/2-1/2

[Event "ICC tourney 1953 (60 10)"]
[Site "Internet Chess Club"]
[Date "2020.08.07"]
[Round "1"]
[White "milindm"]
[Black "GGuseinov"]
[Result "0-1"]
[ICCResult "White forfeits on time"]
[WhiteElo "2222"]
[BlackElo "2716"]
[Opening "King's Indian: Makagonov system (5.h3)"]
[ECO "E71"]
[NIC "KI.31"]
[Time "12:21:29"]
[TimeControl "3600+10"]

1. d4 Nf6 2. c4 g6 3. Nc3 Bg7 4. e4 d6 5. h3 Nbd7 6. Nf3 e5 7. d5 Nc5 8. Qc2
a5 9. Bg5 h6 10. Be3 Nh5 11. g3 O-O 12. Be2 Bd7 13. Nd2 Nf6 14. g4 c6 15.
O-O-O cxd5 16. exd5 a4 17. a3 Qa5 18. Rdg1 Rfc8 19. Kb1 Ne8 20. Qd1 Nc7 21.
Nde4 Nxe4 22. Nxe4 Ne8 23. Qd2 f5 24. gxf5 Bxf5 25. f3 Qxd2 26. Bxd2 b5 27.
cxb5 Nf6 28. Bd3 Nxd5 29. Ka1 Kh8 30. Bb1 Rd8 31. Rd1 Nb6 32. Bb4 Bxe4 33.
Bxe4 d5 34. Bxg6 Nc4 35. Rh2 Rab8 36. Bd3 Ne3 37. Re1 d4 38. Bd2 Bf6 39. h4
Be7 40. Rc1 Rf8 41. Rc7 Nd5 42. Rd7 Rbd8 43. Rxd8 Bxd8 44. Be4 Ne3 45. Bb4
Rg8 46. Rh1 Bf6 47. b6 Rb8 48. b7 d3 49. Bd6 Rxb7 50. Bxb7 d2 51. f4 Nc2+
52. Kb1 Ne1 53. Bf3 Nxf3 {White forfeits on time} 0-1

[Event "ICC tourney 1953 (60 10)"]
[Site "Internet Chess Club"]
[Date "2020.08.07"]
[Round "1"]
[White "JosephLevine"]
[Black "tactics321"]
[Result "0-1"]
[ICCResult "White checkmated"]
[WhiteElo "2176"]
[BlackElo "2569"]
[Opening "Sicilian: Sozin, Benkö variation"]
[ECO "B57"]
[NIC "SI.25"]
[Time "12:21:25"]
[TimeControl "3600+10"]

1. e4 c5 2. Nf3 Nc6 3. d4 cxd4 4. Nxd4 Nf6 5. Nc3 d6 6. Bc4 Qb6 7. Ndb5 a6
8. Be3 Qa5 9. Nd4 e6 10. O-O Be7 11. h3 O-O 12. a4 Bd7 13. Qe2 Rac8 14. Nb3
Qc7 15. Bd3 Nb4 16. f4 Bc6 17. f5 e5 18. Bg5 d5 19. exd5 Nbxd5 20. Nxd5 Bxd5
21. Rae1 e4 22. Bxf6 Bxf6 23. Bxe4 Bxe4 24. Qxe4 Qxc2 25. Qxc2 Rxc2 26. Rf2
Rc4 27. Kh2 Rb4 28. Nc5 Bd4 29. Rc2 Rd8 30. b3 h5 31. Rb1 Be5+ 32. Kg1 Rd5
33. Kf1 Bg3 34. Ke2 Bd6 35. Nd3 Re4+ 36. Kf3 Re8 37. Nf4 Rxf5 38. g3 g5 39.
Rd1 Bc5 40. Rd5 Re3+ 41. Kg2 Rxg3+ 42. Kh2 Bg1+ 43. Kxg3 gxf4+ 44. Kh4 Rxd5
45. Rg2+ Kh7 46. Rxg1 f3 47. Rb1 Rf5 48. Kg3 f2 49. Rf1 Kg6 50. h4 Kf6 51.
Rxf2 Rxf2 52. Kxf2 Kf5 53. Kf3 a5 54. Ke3 Kg4 55. Ke4 f5+ 56. Ke3 Kg3 57.
Ke2 f4 58. Kf1 Kxh4 59. Kg2 Kg4 60. Kf2 h4 61. b4 axb4 62. a5 b3 63. Kg2 b2
64. a6 bxa6 65. Kh2 b1=Q 66. Kg2 Qc2+ 67. Kh1 Kf3 68. Kg1 Qg2#
{White checkmated}
0-1

[Event "ICC tourney 1953 (60 10)"]
[Site "Internet Chess Club"]
[Date "2020.08.07"]
[Round "1"]
[White "Giantsmaster"]
[Black "tigeriz"]
[Result "0-1"]
[ICCResult "White resigns"]
[WhiteElo "2093"]
[BlackElo "2398"]
[Opening "English opening"]
[ECO "A22"]
[NIC "EO.10"]
[Time "12:21:13"]
[TimeControl "3600+10"]

1. c4 e5 2. Nc3 Nf6 3. e3 d5 4. cxd5 Nxd5 5. Nf3 Nc6 6. Bb5 Nxc3 7. bxc3 Bd6
8. d4 exd4 9. cxd4 O-O 10. O-O Re8 11. Re1 a6 12. Bxc6 bxc6 13. e4 c5 14. e5
Be7 15. Bf4 Be6 16. Qd3 cxd4 17. Qxd4 c5 18. Qc3 h6 19. Rad1 Qc7 20. Nd4
Bxa2 21. Nf5 Bf8 22. Qg3 Kh7 23. e6 Qc8 24. Bd6 Rxe6 25. Qd3 Kh8 26. Bxf8
Qxf8 27. Ne3 Rb8 28. Rd2 Bb3 29. Qc3 Rc6 30. Nc4 Bxc4 31. Qxc4 Kg8 32. h3
Qc8 33. Rd5 Rb4 34. Qd3 Rd4 35. Rxd4 cxd4 36. Qxd4 Rc1 37. Rxc1 Qxc1+ 38.
Kh2 Qc7+ 39. g3 a5 40. Qa4 Kh7 41. Kg2 Qb7+ 42. Kh2 Qc7 43. Kg2 g6 44. h4 h5
45. Qa2 Qa7 46. Qa4 Qb7+ 47. Kf1 Qb4 48. Qa2 Kg8 49. Ke2 a4 50. Kd1 Qb3+ 51.
Qxb3 axb3 52. Kd2 Kg7 53. Kc3 Kf6 54. Kxb3 Ke5 55. Kc2 Ke4 56. Kd1 Kf3 57.
Ke1 f5 58. Kf1 f4 59. gxf4 Kxf4 60. Kg2 Kg4 {White resigns} 0-1

[Event "ICC tourney 1953 (60 10)"]
[Site "Internet Chess Club"]
[Date "2020.08.07"]
[Round "1"]
[White "PawnGrubber21"]
[Black "nithin"]
[Result "0-1"]
[ICCResult "White resigns"]
[WhiteElo "1799"]
[BlackElo "2279"]
[Opening "Sicilian: Najdorf, Byrne (English) attack"]
[ECO "B90"]
[NIC "SI.14"]
[Time "12:21:14"]
[TimeControl "3600+10"]

1. e4 c5 2. Nf3 d6 3. d4 cxd4 4. Nxd4 Nf6 5. Nc3 a6 6. Be3 e5 7. Nb3 Be6 8.
f3 h5 9. Qd2 Nbd7 10. O-O-O Rc8 11. Kb1 b5 12. Be2 Be7 13. h4 Qc7 14. g4
hxg4 15. fxg4 Bxg4 16. Rdg1 Bxe2 17. Qxe2 g6 18. Nc1 Qc4 19. Nd3 b4 20. Nd5
Nxd5 21. exd5 e4 22. Nf4 Qxe2 23. Nxe2 Rxh4 24. Rxh4 Bxh4 25. Rh1 Bf6 26.
Ng3 Rc4 27. Re1 Bh4 28. Bf2 Nf6 29. b3 Bxg3 30. Bxg3 Rd4 31. Bxd6 Nxd5 32.
Bc5 Nc3+ 33. Kb2 Rd1 34. Rxd1 Nxd1+ 35. Kc1 Nc3 36. Kd2 Nd5 37. a3 a5 38. a4
f5 39. Ba7 f4 40. Bc5 Kd7 41. Ba7 g5 42. Bc5 g4 43. Bg1 g3 44. Bc5 e3+ 45.
Ke2 g2 {White resigns} 0-1

[Event "ICC tourney 1953 (60 10)"]
[Site "Internet Chess Club"]
[Date "2020.08.07"]
[Round "1"]
[White "Redbaron"]
[Black "speedskater"]
[Result "1-0"]
[ICCResult "Black resigns"]
[WhiteElo "2388"]
[BlackElo "2632"]
[Opening "French: Chigorin variation"]
[ECO "C00"]
[NIC "FR.01"]
[Time "12:21:17"]
[TimeControl "3600+10"]

1. e4 e6 2. Qe2 Be7 3. g3 d5 4. e5 c5 5. Bg2 Nc6 6. Nf3 Nh6 7. O-O Nf5 8. c3
O-O 9. d3 b5 10. g4 Nh4 11. Nxh4 Bxh4 12. f4 f6 13. exf6 Bxf6 14. g5 Be7 15.
Na3 Rb8 16. Nc2 Bd6 17. f5 Qc7 18. Qh5 Ne5 19. g6 h6 20. Ne3 Rf6 21. d4 cxd4
22. cxd4 Nd3 23. Ng4 Rxf5 24. Rxf5 exf5 25. Nxh6+ Kf8 26. Nxf5 Bxh2+ 27. Kf1
Bxf5 28. Qxf5+ Ke7 29. Bg5+ Ke8 30. Qxd3 {Black resigns} 1-0

[Event "ICC tourney 1953 (60 10)"]
[Site "Internet Chess Club"]
[Date "2020.08.07"]
[Round "1"]
[White "Syringe"]
[Black "chessshrinker"]
[Result "1-0"]
[ICCResult "Black resigns"]
[WhiteElo "2707"]
[BlackElo "2233"]
[Opening "Polish defense"]
[ECO "A40"]
[NIC "QO.17"]
[Time "12:21:24"]
[TimeControl "3600+10"]

1. d4 b5 2. e4 Bb7 3. Bd3 Nf6 4. Qe2 e6 5. Nf3 a6 6. a4 Nc6 7. c3 b4 8. e5
Nd5 9. c4 Nde7 10. O-O Na5 11. Be3 Nb3 12. Ra2 c5 13. Nbd2 cxd4 14. Nxd4 Nc5
15. Bc2 Qc7 16. f4 g6 17. N4b3 Nf5 18. Bxc5 Bxc5+ 19. Nxc5 Qxc5+ 20. Qf2 Nd4
21. Be4 Ne2+ 22. Kh1 Qxf2 23. Rxf2 Bxe4 24. Nxe4 Nc1 25. Ra1 Nb3 26. Rd1 Ke7
27. Rf3 Na5 28. b3 Nb7 29. Kg1 h5 30. Kf2 Rhc8 31. Nd6 Rc7 32. Nxb7 Rxb7 33.
Rfd3 a5 34. Ke3 Raa7 35. Rd6 f6 36. Ke4 g5 37. f5 Rc7 38. exf6+ Kxf6 39.
fxe6 dxe6 40. Rb6 Rc5 41. Rb5 Rf5 42. Rd8 Rf7 43. Rd2 Rf4+ 44. Ke3 Rf5 45.
Rxf5+ exf5 46. Rd6+ Kg7 47. Rd5 f4+ 48. Kf2 Kg6 49. Rxa5 Rd7 50. Rd5
{Black resigns}
1-0

[Event "ICC tourney 1953 (60 10)"]
[Site "Internet Chess Club"]
[Date "2020.08.07"]
[Round "1"]
[White "BrainOnFire"]
[Black "tacticsalk"]
[Result "0-1"]
[ICCResult "White resigns"]
[WhiteElo "2078"]
[BlackElo "2322"]
[Opening "QGD Slav defense: exchange variation"]
[ECO "D10"]
[NIC "SL.01"]
[Time "12:21:12"]
[TimeControl "3600+10"]

1. d4 d5 2. c4 c6 3. cxd5 cxd5 4. Nc3 Nf6 5. Bf4 Nc6 6. e3 Bf5 7. Qb3 Na5 8.
Qa4+ Bd7 9. Bb5 Nc6 10. Qb3 Na5 11. Qa4 Nc4 12. Qb3 Bxb5 13. Qxb5+ Qd7 14.
Nxd5 Qxb5 15. Nc7+ Kd7 16. Nxb5 Nxb2 17. Nf3 Nd5 18. Ne5+ Ke8 19. e4 a6 20.
Bc1 axb5 21. Bxb2 Nb4 22. Kd2 e6 23. Rhc1 Bd6 24. a3 Nc6 25. g3 Na5 26. Rc3
f6 27. Nd3 Kd7 28. Ke2 Rhc8 29. Nc5+ Bxc5 30. dxc5 Nc4 31. Rd1+ Ke7 32. Bc1
Rxc5 33. f4 Rc6 34. Rcd3 Rd6 35. Be3 Nxe3 36. Kxe3 Rxa3 37. Rxa3 Rxd1 38.
Rb3 Kd7 39. Rxb5 Kc6 40. Rh5 h6 41. h4 b5 42. g4 b4 43. Ra5 b3 44. Ke2 b2
{White resigns}
0-1

[Event "ICC tourney 1953 (60 10)"]
[Site "Internet Chess Club"]
[Date "2020.08.07"]
[Round "1"]
[White "largecrab"]
[Black "olomi007"]
[Result "0-1"]
[ICCResult "White checkmated"]
[WhiteElo "2202"]
[BlackElo "2641"]
[Opening "Grünfeld with e3 & Bd3"]
[ECO "D94"]
[NIC "GI.09"]
[Time "12:22:00"]
[TimeControl "3600+10"]

1. d4 Nf6 2. c4 g6 3. Nc3 d5 4. e3 Bg7 5. Nf3 O-O 6. Bd3 dxc4 7. Bxc4 c5 8.
O-O cxd4 9. Nxd4 a6 10. a4 Bd7 11. Qb3 Nc6 12. Nxc6 Bxc6 13. Rd1 Qa5 14. Bd2
Qg5 15. e4 Qh4 16. f3 Nh5 17. Be1 Qg5 18. Ne2 Rac8 19. Bf2 Nf4 20. Nxf4 Qxf4
21. Bg3 Qg5 22. Bd5 Bxd5 23. Rxd5 Rc1+ 24. Rxc1 Qxc1+ 25. Rd1 Qc6 26. Bf4 h5
27. Be3 Be5 28. Qd5 Qc7 29. h4 e6 30. Qc5 Rc8 31. Qxc7 Rxc7 32. Rd8+ Kg7 33.
b4 Rc4 34. Bc5 a5 35. Bf8+ Kf6 36. bxa5 Rxa4 37. Rd7 Bg3 38. Kf1 Ra1+ 39.
Ke2 Ra2+ 40. Ke3 Rb2 41. Be7+ Kg7 42. Bd6 Bxd6 43. Rxd6 Rxg2 44. Rb6 Ra2 45.
Rb5 Kf6 46. Kf4 Ra3 47. e5+ Kg7 48. Kg3 Ra4 49. Kh3 Rd4 50. Rxb7 Rd5 51. f4
Rxa5 52. Rb4 Ra3+ 53. Kg2 Rd3 54. Ra4 Rd7 55. Kf3 f6 56. Ra6 Kf7 57. exf6
Kxf6 58. Ra5 Rd3+ 59. Kg2 Rd5 60. Ra3 Rd2+ 61. Kg3 Rd1 62. Re3 Rg1+ 63. Kh3
Rg4 64. Re4 Kf7 65. Ra4 Ke8 66. Ra8+ Kd7 67. Ra7+ Kd6 68. Ra6+ Ke7 69. Ra4
Kf6 70. Re4 Rg1 71. Re5 Ra1 72. Kg3 Ra3+ 73. Kg2 Rd3 74. Rg5 Rd5 75. Rg3
Rd2+ 76. Kh3 Rf2 77. f5 Rxf5 78. Re3 Rf4 79. Kg3 e5 80. Kh3 Rg4 81. Rf3+ Ke6
82. Re3 e4 83. Re2 Ke5 84. Re3 Kd4 85. Re1 e3 86. Rd1+ Kc3 87. Re1 Kd2 88.
Ra1 e2 89. Ra2+ Ke3 90. Ra3+ Kf2 91. Ra2 Kf1 92. Ra6 e1=Q 93. Rf6+ Kg1 94.
Rf3 Qxh4# {White checkmated} 0-1

[Event "ICC tourney 1953 (60 10)"]
[Site "Internet Chess Club"]
[Date "2020.08.07"]
[Round "1"]
[White "SAO"]
[Black "esrosenberg"]
[Result "1-0"]
[ICCResult "Black resigns"]
[WhiteElo "2595"]
[BlackElo "2226"]
[Opening "Catalan: closed, 5.Nf3"]
[ECO "E06"]
[NIC "CA.04"]
[Time "12:21:50"]
[TimeControl "3600+10"]

1. d4 Nf6 2. c4 e6 3. Nf3 d5 4. g3 Be7 5. Bg2 O-O 6. Qc2 dxc4 7. Qxc4 a6 8.
Bf4 Nd5 9. O-O Nxf4 10. gxf4 Nd7 11. Rd1 Nb6 12. Qc2 Nd5 13. e3 a5 14. Nbd2
a4 15. a3 Bd7 16. Rac1 f6 17. Ne4 b6 18. Ng3 Bd6 19. f5 Bxg3 20. hxg3 exf5
21. Nh4 Ra5 22. Nxf5 Rf7 23. Nh4 c6 24. Nf3 Ne7 25. Nd2 Be6 26. Nc4 Rg5 27.
Qxa4 b5 28. Qa5 Qd7 29. Nd2 Bd5 30. e4 Be6 31. Nf3 Rh5 32. Nh2 g6 33. Qb6
Bb3 34. Re1 Kg7 35. Nf3 Bc4 36. d5 cxd5 37. e5 Nc8 38. Qd4 Qd8 39. g4 Rxe5
40. Nxe5 fxe5 41. Rxe5 Kg8 42. Bxd5 Bxd5 43. Rxd5 {Black resigns} 1-0

[Event "ICC tourney 1953 (60 10)"]
[Site "Internet Chess Club"]
[Date "2020.08.07"]
[Round "1"]
[White "babadroga92"]
[Black "mariiiaa04"]
[Result "1-0"]
[ICCResult "Black resigns"]
[WhiteElo "2283"]
[BlackElo "2109"]
[Opening "Sicilian defense"]
[ECO "B40"]
[NIC "SI.43"]
[Time "12:21:22"]
[TimeControl "3600+10"]

1. e4 c5 2. Nf3 e6 3. c4 Nc6 4. Nc3 e5 5. Be2 g6 6. Nd5 Bg7 7. h4 h5 8. d3
d6 9. Bg5 f6 10. Bd2 Nge7 11. a3 O-O 12. b4 b6 13. b5 Nxd5 14. cxd5 Ne7 15.
Be3 Kh7 16. Nd2 f5 17. Bg5 Qe8 18. Nc4 Qd7 19. a4 Bb7 20. a5 Qc7 21. axb6
axb6 22. Bxe7 Qxe7 23. Nxb6 Rxa1 24. Qxa1 fxe4 25. dxe4 Qf6 26. Bf3 Qf4 27.
Ke2 Bh6 28. Qc3 Rf7 29. g3 Qf6 30. Ra1 Qd8 31. Nc4 Qf6 32. Ra7 Bxd5 33.
Rxf7+ Bxf7 34. b6 Qd8 35. b7 Qb8 36. Na5 Bg7 37. Qb2 Be8 38. Qb6 Bf6 39. Nc6
Bxc6 40. Qxc6 Bd8 41. Qc8 Bc7 42. Kd3 d5 43. exd5 Bd6 44. Kc4 Qa7 45. Qd7+
Kh6 46. Qxd6 Qa4+ 47. Kxc5 Qa3+ 48. Kc6 Qa6+ 49. Kc7 Qa5+ 50. Kc8 Qc3+ 51.
Qc7 {Black resigns} 1-0

[Event "ICC tourney 1953 (60 10)"]
[Site "Internet Chess Club"]
[Date "2020.08.07"]
[Round "1"]
[White "fredericton"]
[Black "ChessDex"]
[Result "0-1"]
[ICCResult "White resigns"]
[WhiteElo "2200"]
[BlackElo "2283"]
[Opening "Sicilian: closed, Korchnoi variation"]
[ECO "B23"]
[NIC "SI.44"]
[Time "12:21:13"]
[TimeControl "3600+10"]

1. e4 c5 2. Nc3 e6 3. g3 d5 4. exd5 exd5 5. Bg2 Nf6 6. d3 d4 7. Ne4 Nxe4 8.
Bxe4 Nd7 9. Ne2 Nf6 10. Bg2 Be7 11. O-O O-O 12. Re1 h6 13. h3 Rb8 14. Bf4
Bd6 15. Qd2 b5 16. b3 Bb7 17. a4 b4 18. Bxd6 Qxd6 19. Qf4 Qd7 20. Kh2 Nd5
21. Qh4 f5 22. g4 Qd6+ 23. Kh1 f4 24. Ng1 g5 25. Qh5 Kg7 26. Be4 Rbe8 27.
Nf3 Rxe4 28. dxe4 Ne3 29. Nxg5 Qe5 30. fxe3 hxg5 31. exf4 Qxf4 32. Re2 Bxe4+
33. Rxe4 Qxe4+ 34. Kg1 Qe3+ 35. Kh1 Rh8 {White resigns} 0-1

[Event "ICC tourney 1953 (60 10)"]
[Site "Internet Chess Club"]
[Date "2020.08.07"]
[Round "1"]
[White "FlyCatcher"]
[Black "fastturle"]
[Result "1-0"]
[ICCResult "Black resigns"]
[WhiteElo "2526"]
[BlackElo "2153"]
[Opening "Sicilian: Alapin's variation (2.c3)"]
[ECO "B22"]
[NIC "SI.46"]
[Time "12:21:41"]
[TimeControl "3600+10"]

1. e4 c5 2. c3 Nf6 3. e5 Nd5 4. Nf3 Nc6 5. d4 cxd4 6. cxd4 d6 7. Bc4 Nb6 8.
Bb3 dxe5 9. d5 Na5 10. Nc3 Bg4 11. Be3 Nd7 12. O-O a6 13. Re1 Bxf3 14. Qxf3
Nxb3 15. axb3 g6 16. d6 exd6 17. Qxb7 Be7 18. Bh6 Rb8 19. Qxa6 Qb6 20. Qd3
Nc5 21. Qh3 Qxb3 22. Bg7 Rg8 23. Qxh7 Kd7 24. Ra7+ Nb7 25. Qh3+ Qe6 26. Qf3
Rxg7 27. Rxb7+ Rxb7 28. Qxb7+ Ke8 29. Ra1 f5 30. Nd5 Kf7 31. Ra7 Kg8 32.
Ra8+ Bf8 33. Qc6 f4 34. h3 f3 35. Re8 Qf5 36. Qxd6 Rf7 37. Rxf8+ Rxf8 38.
Ne7+ Kh7 39. Nxf5 {Black resigns} 1-0

[Event "ICC tourney 1953 (60 10)"]
[Site "Internet Chess Club"]
[Date "2020.08.07"]
[Round "1"]
[White "ASharikov"]
[Black "edmehu"]
[Result "1-0"]
[ICCResult "Black resigns"]
[WhiteElo "2356"]
[BlackElo "2273"]
[Opening "Pirc defense"]
[ECO "B07"]
[NIC "PU.07"]
[Time "12:21:26"]
[TimeControl "3600+10"]

1. d4 Nf6 2. Nc3 g6 3. e4 d6 4. Bf4 Bg7 5. Qd2 O-O 6. O-O-O c6 7. Bh6 b5 8.
f3 b4 9. Nce2 Qa5 10. Kb1 e5 11. h4 Be6 12. Nc1 Bxh6 13. Qxh6 exd4 14. h5 c5
15. g4 Qc7 16. Nh3 Qe7 17. Nf4 Nbd7 18. g5 Nxh5 19. Nxh5 gxh5 20. Nd3 Rfe8
21. Nf4 Qf8 22. Qxh5 Qg7 23. Qh4 Reb8 24. Nh5 Qe5 25. f4 Qxe4 26. Bd3 Qd5
27. b3 Bf5 28. Nf6+ Nxf6 29. gxf6 Bxd3 30. cxd3 Kf8 31. Rde1 h5 {Black
resigns} 1-0

[Event "ICC tourney 1953 (60 10)"]
[Site "Internet Chess Club"]
[Date "2020.08.07"]
[Round "1"]
[White "penguinwizard"]
[Black "slugger"]
[Result "1/2-1/2"]
[ICCResult "Game drawn by repetition"]
[WhiteElo "2100"]
[BlackElo "2342"]
[Opening "Grünfeld: exchange variation"]
[ECO "D85"]
[NIC "GI.03"]
[Time "12:21:31"]
[TimeControl "3600+10"]

1. d4 Nf6 2. c4 g6 3. Nc3 d5 4. cxd5 Nxd5 5. Bd2 Bg7 6. e4 Nxc3 7. Bxc3 O-O
8. Qd2 Nd7 9. Nf3 Nf6 10. Bd3 b6 11. O-O e6 12. Rac1 Bb7 13. Qe2 Qe7 14. a3
Nd7 15. Bb4 c5 16. dxc5 Nxc5 17. Rc2 Rac8 18. Rfc1 Rfd8 19. Bxc5 Rxc5 20.
Rxc5 bxc5 21. Qc2 Bxb2 22. Qxb2 Rxd3 23. Ne5 Rd4 24. f3 Qf6 25. Qxb7 Qxe5
26. Qc8+ Kg7 27. Qxc5 Rd1+ 28. Kf2 Rd2+ 29. Kg1 Qb2 30. Qc3+ Qxc3 31. Rxc3
Ra2 32. e5 g5 33. h3 h5 34. g4 h4 35. Rb3 Kg6 36. Rc3 a5 37. Rb3 a4 38. Rc3
Kg7 39. Rd3 Kf8 40. Rc3 Ke8 41. Rd3 f6 42. exf6 Kf7 43. f4 Kxf6 44. fxg5+
Kxg5 45. Rf3 Kg6 46. Re3 Kf6 47. Rf3+ Ke5 48. Re3+ Kf4 49. Rc3 e5 50. Rc4+
e4 51. g5 Kg3 52. Rc3+ Kf4 53. g6 Rd2 54. g7 Rd8 55. Kf2 Re8 56. Rc7 e3+ 57.
Ke2 Rg8 58. Rf7+ Ke4 59. Re7+ Kd4 60. Rd7+ Ke4 61. Re7+ Kf4 62. Rf7+ Ke4 63.
Re7+ {Game drawn by repetition} 1/2-1/2

[Event "ICC tourney 1953 (60 10)"]
[Site "Internet Chess Club"]
[Date "2020.08.07"]
[Round "1"]
[White "dabbindino"]
[Black "musk6868"]
[Result "1-0"]
[ICCResult "Black checkmated"]
[WhiteElo "2341"]
[BlackElo "2023"]
[Opening "Sicilian: Nimzovich-Rossolimo attack (without ...d6)"]
[ECO "B30"]
[NIC "SI.31"]
[Time "12:21:27"]
[TimeControl "3600+10"]

1. Nf3 c5 2. e4 Nc6 3. Bb5 e6 4. O-O Nge7 5. Re1 a6 6. Bf1 Ng6 7. d3 Be7 8.
Nbd2 O-O 9. a4 d5 10. g3 b6 11. Bg2 Bb7 12. h4 f6 13. h5 Nh8 14. Bh3 Bc8 15.
Qe2 Nf7 16. Nf1 Bd6 17. exd5 exd5 18. Bxc8 Rxc8 19. Ne3 Re8 20. Qf1 Bb8 21.
Bd2 Qd7 22. Qg2 Red8 23. Nh4 Nd4 24. Bc3 Nh6 25. Bxd4 cxd4 26. Nxd5 Rxc2 27.
Nxb6 Qf7 28. Qf3 Rxb2 29. Nc4 Rc2 30. Rab1 Qd7 31. Rb7 Qh3 32. Qd5+ Rxd5 33.
Re8# {Black checkmated} 1-0